 Dungeon Crawl Stone Soup version 0.27.0-1-g7a089689b8 (webtiles) character file.

Game seed: 9343876382886478395

43 RepHenryClay the Insei (level 3, -5/27 HPs)
             Began as a Demigod Transmuter on Aug 4, 2021.
             Splashed by a jelly's acid (10 damage)
             ... on level 2 of the Dungeon.
             The game lasted 00:02:16 (1809 turns).

RepHenryClay the Insei (Demigod Transmuter)         Turns: 1809, Time: 00:02:17

Health: -5/27      AC: -6    Str: 11    XL:     3   Next: 20%
Magic:  8/8        EV: 12    Int: 15    God:
Gold:   72         SH:  0    Dex: 18    Spells: 3/6 levels left

rFire    . . .     SeeInvis .     - Unarmed
rCold    . . .     Faith    .   (no shield)
rNeg     . . .     Spirit   .   a - +0 robe
rPois    .         Reflect  .   (helmet currently unavailable)
rElec    .         Harm     .   (no cloak)
rCorr    .         Rampage  .   (no gloves)
Will     .....                  (boots currently unavailable)
Stlth    ++........             (no amulet)
HPRegen  0.09/turn              (no ring)
MPRegen  0.11/turn              (no ring)

@: appendages (expiring), corroded
A: horns 2, talons 2, high mp 1, forlorn
a: End Transformation


You were on level 2 of the Dungeon.
You had temporarily grown beastly horns and talons.
You visited 1 branch of the dungeon, and saw 2 of its levels.

You collected 72 gold pieces.

Inventory:

Hand Weapons
 c - a +2 dagger of electrocution
Armour
 a - a +0 robe (worn)
Magical Staves
 d - a staff of air
Jewellery
 f - a ring of wizardry
Wands
 g - a wand of charming (4)
Scrolls
 e - a scroll of vulnerability {unknown}
Potions
 b - a potion of flight {unknown}


   Skills:
 - Level 0.8 Fighting
 - Level 1.9 Dodging
 + Level 3.4 Unarmed Combat
 - Level 2.0 Spellcasting
 + Level 2.4 Transmutations


You had 3 spell levels left.
You knew the following spells:

 Your Spells              Type           Power      Damage    Failure   Level
a - Beastly Appendage     Tmut           16%        N/A       9%          1
b - Wereblood             Tmut           8%         N/A       12%         2

Your spell library contained the following spells:

 Spells                   Type           Power      Damage    Failure   Level
 Spider Form              Tmut/Pois      2%         N/A       38%         3
 Ice Form                 Ice/Tmut       5%         N/A       80%         4


Dungeon Overview and Level Annotations

Branches:
Dungeon (2/15)

Shops:
D:2 [


Innate Abilities, Weirdness & Mutations

You have temporarily grown beastly horns and talons.
Your attributes grow dramatically as you level up.
You have an increased reservoir of magic. (+10% MP)
You shall have no god before yourself.


Message History

The jackal bites you.
You hit the jackal.
You kill the jackal!
g - a wand of charming (4)
Your horns disappear.
Your talons disappear.
There is an entrance to Inocwo's Antique Armour Emporium here.
A kobold comes into view. It is wielding a +0 short sword.
A kobold is nearby!
Found a purple potion.
Found a stone staircase leading down.
The kobold shouts!
You hear an angry hiss.
A jelly comes into view.
Casting: Beastly Appendage (safe; 9% risk of failure)
Confirm with . or Enter, or press ? or * to list all spells.
You grow a pair of large bovine horns.
Your feet morph into talons.
The jelly quivers.
An adder comes into view.
The kobold closely misses you.
Found a stone staircase leading up.
You hit the kobold.
You kill the kobold!
You hit the jelly.
Your hands burn!
You claw the jelly.
The jelly is lightly wounded.
The jelly closely misses you.
You hit the jelly. The acid corrodes you!
Your hands burn!
You claw the jelly.
The jelly is heavily wounded.
The jelly barely misses you.
You hit the jelly but do no damage.
Your hands burn!
You claw the jelly.
You headbutt the jelly, but do no damage.
The jelly is heavily wounded.
The jelly hits you.
You are splashed with acid!
Unknown command.
You hit the jelly but do no damage. The acid corrodes you!
Your hands burn!
* * * LOW HITPOINT WARNING * * *
You claw the jelly, but do no damage.
The jelly is heavily wounded.
Your transformation is almost over.
The jelly hits you.
* * * LOW HITPOINT WARNING * * *
You are splashed with acid!
You die...

## .# .# .## ..# ### ..#
....
..####################.....
................@JS........
##################..)......
#..............
#.###.......... ##......>.<
#...!..### .####### . ..


You could see a jelly and an adder.

Vanquished Creatures
  A dart slug (D:1)
  An orc (D:2)
  2 ball pythons (D:2)
  6 bats
  4 endoplasms
  3 goblins (D:1)
  4 hobgoblins
  2 jackals (D:2)
  4 kobolds
  3 frilled lizards
  4 rats
34 creatures vanquished.

Notes
Turn   | Place    | Note
-------+----------+-------------------------------------------
     0 | D:1      | RepHenryClay the Demigod Transmuter began the quest for the
                  | Orb.
     0 | D:1      | Reached XP level 1. HP: 15/15 MP: 5/5
   280 | D:1      | Reached skill level 3 in Unarmed Combat
   286 | D:1      | Reached XP level 2. HP: 17/22 MP: 5/7
  1465 | D:2      | Learned a level 2 spell: Wereblood
  1516 | D:2      | Reached XP level 3. HP: 21/27 MP: 5/8
  1694 | D:2      | Found Inocwo's Antique Armour Emporium.
  1809 | D:2      | Splashed by a jelly's acid

Illustrated notes

Levels and vault maps discovered:
D:1:      scummos_arrival_forest, layout_loops_corners
D:2:      layout_basic, serial_shops, nicolae_shop_overgrown_old_shop,
          grunt_ministairs_8, uniq_crazy_yiuf_cottage

Skill      XL: |  1  2 |
---------------+-------+-----
Spellcasting   | 2 |  2.0
Unarmed Combat | 3 |  3.4
Transmutations | 2 |  2.4
Fighting       | |  0.8
Dodging        | |  1.9

Action                   || total
-------------------------++-------
Melee: Unarmed           ||   110
       Kick              ||    18
       Punch             ||     6
       Headbutt          ||     7
 Cast: Beastly Appendage ||    13
       Wereblood         ||     2
 Stab: Sleeping          ||     1
Armor: Robe              ||    24
Dodge: Dodged            ||    70
